 Dungeon Crawl Stone Soup version 0.31-a0-435-g2c6fae2916 (webtiles) character file.

Game seed: 10151400707661569921

63 randomguy2701 the Gusty (level 4, -3/24 HPs)
             Began as a Tengu Air Elementalist on Aug 2, 2023.
             Succumbed to an orc wizard's poison
             ... on level 3 of the Dungeon.
             The game lasted 00:03:19 (2132 turns).

randomguy2701 the Gusty (Tengu Air Elementalist)    Turns: 2132, Time: 00:03:19

Health: -3/24      AC:  2    Str:  9    XL:     4   Next: 9%
Magic:  2/8        EV: 12    Int: 17    God:
Gold:   47         SH:  0    Dex: 14    Spells: 7/8 levels left

rFire   . . .        (no weapon)
rCold   . . .        (no shield)
rNeg    . . .        a - +0 robe
rPois   .            (helmet restricted)
rElec   .            (no cloak)
rCorr   .            (no gloves)
SInv    .            (boots unavailable)
Will    .....        (no amulet)
Stlth   ++           (no ring)
HPRegen 0.24/turn    (no ring)
MPRegen 0.11/turn

%: no passive effects
@: lethally poisoned (-3 -> -20)
A: beak, talons 3
a: no special abilities


You were on level 3 of the Dungeon.
You visited 1 branch of the dungeon, and saw 3 of its levels.

You collected 47 gold pieces.

Inventory:

Armour
 a - a +0 robe (worn)
Wands
 n - a wand of digging (5)
Scrolls
 c - a scroll of fog {unknown}
 d - 2 scrolls of poison {unknown}
 f - a scroll of identify {unknown}
 i - a scroll of fear {unknown}
 j - 2 scrolls of revelation {unknown}
 k - a scroll of teleportation {unknown}
 m - 2 scrolls of enchant weapon {unknown}
Potions
 b - a potion of magic
 e - 2 potions of lignification {unknown}
 g - a potion of mutation {unknown}
 h - a potion of heal wounds {unknown}
 l - 2 potions of enlightenment {unknown}


   Skills:
 + Level 2.5 Dodging
 + Level 2.2 Stealth
 + Level 2.6 Spellcasting
 + Level 2.7 Conjurations
 + Level 4.8 Air Magic


You had 7 spell levels left.
You knew the following spells:

 Your Spells              Type           Power      Damage    Failure   Level
a - Shock                 Conj/Air       60%        1d6       3%          1

Your spell library contained the following spells:

 Spells                   Type           Power      Damage    Failure   Level
 Static Discharge         Conj/Air       30%        2-4/arc   6%          2
 Swiftness                Air            18%        N/A       8%          3
 Airstrike                Air            9%         2d(2-18)  24%         4
 Call Canine Familiar     Summ           2%         N/A       50%         3
 Portal Projectile        Hex/Tloc       4%         N/A       50%         3
 Leda's Liquefaction      Hex/Erth       1%         N/A       88%         4


Dungeon Overview and Level Annotations

Branches:
Dungeon (3/15)

Altars:


Innate Abilities, Weirdness & Mutations

You have a beak for a mouth.
You have claws for feet.


Message History

The orc wizard is moderately wounded.
The orc barely misses you.
You hit the orc but do no damage.
The orc is heavily wounded.
The orc hits you but does no damage.
You hit the orc but do no damage. You claw the orc.
You kill the orc!
The orc wizard gestures at you while chanting.
You are confused.
Things that are here:
a +0 short sword; a +0 chain mail The orc wizard barely misses you.
You miss the orc wizard. Your kick misses the orc wizard.
The orc wizard is moderately wounded.
The orc wizard mumbles some strange words.
The orc wizard flickers and vanishes!
Deactivating autopickup; reactivate with Ctrl-A.
You bump into the rock wall.
You hear some strange, mumbled words.
A magic dart appears from out of thin air!
The magic dart hits you.
You bump into the rock wall.
You hear some strange, mumbled words.
Something tries to affect you, but you resist.
You bump into the rock wall.
Something hits you.
You are poisoned.
You miss something.
You feel less confused.
You feel very sick. Something hits you.
You are lethally poisoned!
You barely miss something. You claw something.
* * * LOW HITPOINT WARNING * * *
You feel very sick.
You hear some strange, mumbled words.
A magic dart appears from out of thin air!
The magic dart hits you.
* * * LOW HITPOINT WARNING * * *
You miss something. Your kick misses something. Your peck misses something.
You die...

### #.## #.. #.#
### #.# #<# #)#
#.# #@# #.#
#####{# #.#
#...#)# #.#
#.#.#.# #.#
######.#.#.# #.#
#......#.#.###.#
#......#.†.....#
#..........#####
#................#


There were no monsters in sight!

Vanquished Creatures
  An adder (D:2)
  A worm (D:1)
  2 dart slugs (D:2)
  4 orcs (D:3)
  2 ball pythons
  4 endoplasms
  3 giant cockroaches (D:2)
  6 hobgoblins
  3 kobolds (D:1)
  A quokka (D:2)
  7 bats
  2 frilled lizards (D:2)
  3 goblins (D:2)
  A rat (D:1)
40 creatures vanquished.

Notes
Turn   | Place    | Note
-------+----------+-------------------------------------------
     0 | D:1      | randomguy2701 the Tengu Air Elementalist began the quest
                  | for the Orb.
     0 | D:1      | Reached XP level 1. HP: 10/10 MP: 4/4
   247 | D:1      | Reached XP level 2. HP: 15/15 MP: 3/6
   845 | D:2      | Reached XP level 3. HP: 12/19 MP: 1/7
  2099 | D:3      | Reached XP level 4. HP: 24/24 MP: 3/8
  2131 | D:3      | HP: 1/24 [something/magic dart (4)]
  2132 | D:3      | Succumbed to an orc wizard's poison

Illustrated notes

Levels and vault maps discovered:
D:1:      zaba_arrival_water, layout_rooms, serial_glass, glass_columns_a,
          glass_columns_a, roderic_nine_men_s_morris
D:2:      minmay_skewed_foursquare, layout_loops_ring, kennysheep_cluttered_room
D:3:      kennysheep_goblin_castle, layout_basic,
          shapermc_ecumenical_altar_rom_forum

Skill      XL: |  1  2 |
---------------+-------+-----
Conjurations   | 2 |  2.7
Dodging        | |  2.5
Stealth        | |  2.2
Spellcasting   | |  2.6
Air Magic      | |  4.8

Action                     |  1- 3 |  4- 6 || total
---------------------------+-------+-------++-------
  Melee: Unarmed           |    24 |     6 ||    30
         Kick              |    11 |     2 ||    13
         Peck              |     8 |       ||     8
   Cast: Shock             |    85 |     5 ||    90
 Armour: Robe              |     6 |     2 ||     8
  Dodge: Dodged            |    24 |     4 ||    28

Table legend: (Time is in decaauts)
 A = Elapsed time spent in this place.
 B = Non-inter-level travel time spent in this place.
 C = Inter-level travel time spent in this place.
 D = Time resting spent in this place.
 E = Time spent auto-exploring this place.
 F = Levels seen in this place.
 G = Mean time per level.
                   A        B        C        D        E       F      G
               +--------+--------+--------+--------+--------+-----+--------+
         Total |   2139 |   1995 |    144 |      0 |   1680 |   3 |  713.0 |
       Dungeon |   2139 |   1995 |    144 |      0 |   1680 |   3 |  713.0 |
               +--------+--------+--------+--------+--------+-----+--------+

Top non-repeatable levels by time:
     D:2: 1027 daAuts
     D:1: 999 daAuts
     D:3: 112 daAuts
